 Dungeon Crawl Stone Soup version 0.22.1-1-ga44c0e5 (webtiles) character file.

686 Heatsaber the Chiller (level 7, -6/32 HPs)
             Began as a Vine Stalker Ice Elementalist on Sept 24, 2018.
             Killed from afar by an orc wizard (10 damage)
             ... with a magic dart
             ... on level 4 of the Dungeon.
             The game lasted 00:57:07 (5711 turns).

Heatsaber the Chiller (VSIE)                        Turns: 5711, Time: 00:57:07

Health: -6/32      AC:  4    Str: 10    XL:     7   Next: 62%
Magic:  0/12       EV: 12    Int: 17    God:
Gold:   176        SH:  0    Dex: 15    Spells: 2/12 levels left

rFire    + . .     SeeInvis .   g - +0 whip (flame)
rCold    . . .     Gourm    .   (no shield)
rNeg     . . .     Faith    .   e - +0 leather armour
rPois    .         Spirit   +   (no helmet)
rElec    .         Reflect  .   q - scarf {repulsion}
rCorr    .         Harm     .   b - +0 pair of gloves
MR       .....                  (no boots)
Stlth    ++........             (no amulet)
HPRegen  0.50/turn              f - ring of protection from fire
MPRegen  0.13/turn              (no ring)

@: very slightly contaminated, slowed, repel missiles, very slow
A: fangs 2, regeneration 1, magic shield, antimagic bite, no potion heal 3, rot
immunity
a: no special abilities


You were on level 4 of the Dungeon.
You were hungry.

You visited 1 branch of the dungeon, and saw 4 of its levels.
You also visited: Sewer.

You collected 176 gold pieces.

Inventory:

Hand Weapons
 g - a +0 whip of flaming (weapon)
 k - a +0 dagger
Armour
 a - a +0 robe
 b - a +0 pair of gloves (worn)
 e - a +0 leather armour (worn)
 q - a scarf of repulsion (worn)
 s - a +0 scale mail
Jewellery
 f - a ring of protection from fire (left hand)
Wands
 v - a wand of disintegration (8)
 w - a wand of iceblast (5)
Scrolls
 i - 3 scrolls of amnesia
 j - 3 scrolls of teleportation
 l - a scroll of blinking {unknown}
 n - 2 scrolls of magic mapping
 o - a scroll of remove curse {unknown}
 p - a scroll of fear {unknown}
 r - a scroll of noise {unknown}
Potions
 d - a potion of invisibility {unknown}
 h - a potion of mutation {unknown}
 m - 2 potions of flight
 t - a potion of degeneration {unknown}
 u - 8 potions of curing {unknown}
 z - a potion of haste {unknown}
 A - a potion of ambrosia {unknown}
Comestibles
 c - 4 rations


   Skills:
 - Level 4.0 Armour
 - Level 1.5 Dodging
 - Level 2.4 Stealth
 - Level 3.0 Spellcasting
 + Level 4.1 Conjurations
 - Level 5.0 Ice Magic


You had 2 spell levels left.
You knew the following spells:

 Your Spells              Type           Power        Failure   Level  Hunger
a - Freeze                Ice            ###.         3%          1    None
b - Throw Frost           Conj/Ice       ###...       5%          2    ##.....
c - Ozocubu's Armour      Chrm/Ice       ##......     24%         3    ###....
d - Throw Icicle          Conj/Ice       ###.....     34%         4    ####...

Your spell library contained the following spells:

 Spells                   Type           Power        Failure   Level  Hunger
 Summon Ice Beast         Ice/Summ       ##......     63%         4    ####...


Dungeon Overview and Level Annotations

Branches:
Dungeon (4/15)
 Temple: D:4-7

Altars:
Gozag
Nemelex Xobeh
Qazlal
The Shining One


Innate Abilities, Weirdness & Mutations

You have extremely sharp teeth.
Your natural rate of healing is unusually fast.
When hurt, damage is shared between your health and your magic reserves.
Your bite disrupts and absorbs the magic of your enemies.
Potions cannot restore your health.
You are immune to rotting.


Message History

Items here: ))) [[[ † Unknown command.
You barely miss the orc wizard.
The orc wizard is almost dead.
The orc wizard barely misses you. The orc wizard casts a spell at you.
The magic dart hits you!
* * * LOW HITPOINT WARNING * * *
The orc wizard casts a spell.
The orc wizard blinks!
Unknown command.
You closely miss the orc wizard.
You bite the orc wizard, but do no damage.
The orc wizard is almost dead.
The orc wizard hits you but does no damage.
The orc wizard mumbles some strange words.
The orc wizard blinks!
The orc wizard casts a spell at you. The magic dart hits you!
You die...

##...##...#
#....#...# %##
##......#
...#####......#
..............##
.......###..<##
#...#..####..###
#...##.## ##...#
#§.o@...#####.##
#...###....#..#
#....#.#....#..#
#..#'#.###....##
....#..:..#.##.#
.... ###.###.#..#
... .o.#.# ..#..#
...#...###..##.##
##....... #.


You could see 2 orc wizards.

Vanquished Creatures
  Sigmund (D:3)
  A big kobold (Sewer)
  An orc priest (D:3)
  2 orc wizards (D:4)
  2 worker ants (D:3)
  4 gnolls
  A worker ant zombie (D:3)
  4 adders
  7 river rats
  2 shadow imps (D:3)
  An ooze (Sewer)
  A worm (D:2)
  3 dart slugs
  3 leopard geckos
  5 orcs
  7 ball pythons
  4 giant cockroaches
  5 goblins
  13 hobgoblins
  7 jackals
  21 kobolds
  5 bats
  10 frilled lizards
  29 rats
139 creatures vanquished.

Vanquished Creatures (others)
  An orc wizard (D:4)
1 creature vanquished.

Grand Total: 140 creatures vanquished

Notes
Turn   | Place    | Note
-------+----------+-------------------------------------------
     0 | D:1      | Heatsaber the Vine Stalker Ice Elementalist began the quest
                  | for the Orb.
     0 | D:1      | Reached XP level 1. HP: 9/9 MP: 4/4
   175 | D:1      | Reached XP level 2. HP: 7/13 MP: 0/6
   238 | D:1      | Learned a level 2 spell: Throw Frost
   689 | D:1      | Reached XP level 3. HP: 16/16 MP: 0/8
   694 | D:1      | Learned a level 3 spell: Ozocubu's Armour
  1876 | D:2      | Reached skill level 1 in Armour
  2209 | D:2      | Gained mutation: Your natural rate of healing is unusually
                  | fast. [Vine Stalker growth]
  2209 | D:2      | Reached XP level 4. HP: 20/21 MP: 4/9
  2270 | D:3      | Reached skill level 4 in Ice Magic
  2319 | D:3      | Found a transporter.
  2338 | D:3      | Noticed Sigmund
  2477 | D:3      | Found a transporter.
  2573 | D:3      | HP: 1/21 [river rat (4)]
  2708 | D:3      | Found a glowing drain.
  2710 | D:3      | Reached XP level 5. HP: 24/24 MP: 0/10
  2757 | Sewer    | Entered a sewer
  3081 | Sewer    | Reached skill level 5 in Ice Magic
  3540 | Sewer    | Noticed a big kobold
  3574 | Sewer    | Killed a big kobold
  3574 | Sewer    | Reached XP level 6. HP: 20/28 MP: 0/11
  3845 | Sewer    | Learned a level 4 spell: Throw Icicle
  4517 | D:3      | Found a stormy altar of Qazlal.
  4517 | D:3      | Found a sparkling altar of Nemelex Xobeh.
  4826 | D:3      | Killed Sigmund
  4826 | D:3      | Reached XP level 7. HP: 25/32 MP: 3/12
  4856 | D:3      | Found a glowing golden altar of the Shining One.
  5502 | D:4      | Found an opulent altar of Gozag.
  5711 | D:4      | Killed from afar by an orc wizard

Skill      XL: |  1  2  3  4  5  6  7 |
---------------+----------------------+-----
Spellcasting   | 3 |  3.0
Armour         | 1 3 4 |  4.0
Ice Magic      | 4 5 |  5.0
Conjurations   | 2 4 |  4.1
Dodging        | |  1.5
Stealth        | |  2.4

Action                   |  1- 3 |  4- 6 |  7- 9 || total
-------------------------+-------+-------+-------++-------
Melee: Unarmed           |     7 |       |       ||     7
       Bite              |     7 |    22 |    15 ||    44
       Whip              |    23 |    83 |    59 ||   165
 Cast: Freeze            |    38 |    47 |    32 ||   117
       Throw Frost       |    31 |    55 |     5 ||    91
       Ozocubu's Armour  |       |    14 |     4 ||    18
       Throw Icicle      |       |     1 |     3 ||     4
  Use: Scroll            |       |     5 |       ||     5
       Potion            |       |       |     1 ||     1
 Stab: Sleeping          |     4 |       |       ||     4
  Eat: Chunk             |     6 |    13 |     1 ||    20
       Ration            |       |       |     1 ||     1
Armor: Robe              |     1 |       |       ||     1
       Leather armour    |    12 |    39 |    78 ||   129
Dodge: Dodged            |    25 |    82 |   108 ||   215
